Map: [ESL] Altitude

Players

Nanami - Winner!

  • Race: Protoss Protoss
  • Spawn Location: 7:00

TeebuL

  • Race: Protoss Protoss
  • Spawn Location: 1:00

Event: ESL SC2 Masters 2023 Summer (Regionals)

VOD

Have the link to the VOD?

Description

Time

  • Played on: May 9, 2023, 8:01 a.m.
  • Length: 13:40

All games in this series

Show
View Real Time Build Order
Export as new Build Order

Nanami Protoss - Winner!

Build Orders:  

Get SALT Encoding   

  12  0:00  Probe  
  13  0:12  Probe  
  14  0:18  Pylon  
  14  0:24  Probe  
  15  0:36  Probe (Chrono Boost)  
  15  0:39  Gateway  
  16  0:46  Probe (Chrono Boost)  
  16  0:47  Assimilator  
  17  0:51  Probe (Chrono Boost)  
  18  1:03  Probe  
  19  1:17  Probe  
  20  1:21  Pylon  
  20  1:26  Cybernetics Core, Zealot  
  20  1:30  Pylon  
  20  1:31  Probe  
  23  1:48  Probe  
  24  1:55  Pylon  
  24  1:59  Stalker (Chrono Boost)  
  24  2:00  Probe  
  25  2:07  Pylon  
  27  2:10  Pylon  
  27  2:12  Probe  
  28  2:22  Nexus  
  28  2:23  Warp Gate  
  28  2:29  Stalker (Chrono Boost)  
  28  2:35  Probe  
  30  2:47  Probe  
  31  2:51  Stalker  
  31  2:56  Gateway  
  33  3:04  Shield Battery  
  33  3:11  Shield Battery  
  33  3:13  Probe  
  33  3:19  Shield Battery  
  34  3:23  Stalker  
  36  3:30  Probe  
  37  3:45  Probe (Chrono Boost)  
  36  3:49  Probe (Chrono Boost)  
  36  3:50  Robotics Facility  
  36  3:53  Assimilator  
  37  3:57  Probe (Chrono Boost)  
  37  4:00  Probe (Chrono Boost)  
  39  4:03  Probe (Chrono Boost)  
  39  4:06  Probe (Chrono Boost)  
  41  4:12  Gateway  
  41  4:14  Adept  
  41  4:16  Adept  
  45  4:18  Probe  
  45  4:20  Probe  
  47  4:25  Pylon  
  47  4:30  Probe  
  48  4:32  Probe, Pylon  
  48  4:36  Warp Prism (Chrono Boost)  
  49  4:42  Probe  
  49  4:44  Probe  
  53  4:47  Sentry  
  55  4:54  Probe  
  56  5:01  Twilight Council  
  56  5:02  Probe  
  56  5:07  Probe, Assimilator  
  54  5:13  Observer (Chrono Boost)  
  56  5:14  Probe  
  56  5:21  Stalker  
  56  5:28  Nexus  
  58  5:30  Pylon  
  58  5:40  Adept x2  
  58  5:42  Probe x2  
  64  5:47  Blink (Chrono Boost)  
  64  5:51  Stalker  
  64  5:54  Probe x2  
  64  5:55  Gateway  
  68  5:58  Shield Battery  
  68  6:00  Shield Battery  
  66  6:06  Probe x2  
  66  6:07  Observer  
  68  6:13  Gateway  
  68  6:17  Immortal (Chrono Boost)  
  68  6:18  Probe  
  73  6:19  Probe  
  74  6:30  Probe, Stalker  
  74  6:31  Probe  
  76  6:42  Probe  
  76  6:43  Probe  
  78  6:48  Stalker x2  
  78  6:50  Observer (Chrono Boost)  
  82  6:54  Probe  
  82  6:55  Probe, Forge  
  82  7:00  Gateway  
  83  7:01  Gateway  
  83  7:03  Gateway  
  83  7:08  Immortal (Chrono Boost)  
  83  7:12  Stalker x3  
  93  7:21  Pylon  
  93  7:25  Pylon  
  93  7:26  Pylon  
  93  7:28  Pylon  
  93  7:37  Pylon  
  93  7:38  Pylon  
  93  7:39  Pylon  
  93  7:40  Stalker x3  
  99  7:49  Observer (Chrono Boost)  
  99  7:50  Adept  
  102  7:51  Zealot  
  104  8:01  Stalker x2  
  104  8:02  Stalker  
  104  8:04  Zealot  
  112  8:07  Zealot x2, Observer (Chrono Boost)  
  113  8:13  Probe x2  
  111  8:21  Stalker x2  
  111  8:25  Zealot x6  
  111  8:26  Probe x2  
  111  8:27  Assimilator  
  99  8:36  Stalker  
  99  8:37  Probe, Stalker  
  99  8:38  Probe  
  103  8:41  Forge  
  103  8:44  Probe  
  103  8:46  Adept  
  104  8:52  Zealot, Observer  
  104  8:53  Zealot x2  
  104  8:55  Charge (Chrono Boost)  
  110  8:56  Adept  
  112  9:05  Nexus  
  112  9:06  Protoss Ground Weapons Level 1 (Chrono Boost)  
  112  9:09  Pylon  
  112  9:16  Photon Cannon  
  112  9:18  Photon Cannon  
  112  9:23  Stalker x4  
  119  9:28  Sentry  
  120  9:35  Stalker x3  
  126  9:39  Observer  
  126  9:43  Probe x3, Shield Battery  
  126  9:44  Photon Cannon  
  129  9:48  Stalker x2  
  133  9:55  Probe  
  133  9:59  Stalker x2  
  138  10:03  Stalker  
  135  10:14  Stalker x2  
  135  10:15  Stalker x2  
  137  10:31  Stalker x3  
  143  10:40  Stalker x2  
  143  10:41  Zealot x3  
  151  10:48  Observer, Protoss Ground Weapons Level 2 (Chrono Boost)  
  137  10:51  Warp Prism  
  133  11:02  Zealot x6  
  137  11:04  Pylon  
  127  11:17  Zealot x2  
  131  11:20  Photon Cannon  
  131  11:21  Shield Battery  
  129  11:28  Warp Prism  
  131  11:33  Nexus  
  131  11:39  Stalker x6  
  127  11:52  Stalker x2  
  123  12:01  Pylon  
  123  12:02  Probe  
  123  12:07  Zealot x3  
  123  12:08  Zealot x3  
  136  12:10  Probe  
  136  12:12  Photon Cannon  
  136  12:13  Probe  
  136  12:14  Probe x2, Gateway  
  140  12:15  Gateway  
  140  12:20  Zealot x2  
  140  12:21  Pylon  
  144  12:26  Probe x2  
  144  12:28  Pylon  
  142  12:30  Pylon  
  136  12:38  Stalker x5  
  136  12:43  Stalker x2  
  148  12:46  Observer  
  141  12:54  Stalker  
  141  12:56  Probe  
  136  13:03  Stalker x5  
  130  13:11  Zealot x4, Observer  
  128  13:13  Probe  
  127  13:22  Stalker  
  125  13:28  Photon Cannon  
  125  13:29  Stalker x5  
  133  13:36  Zealot x4  
Show
View Real Time Build Order
Export as new Build Order

TeebuL Protoss 

Build Orders:  

Get SALT Encoding   

  12  0:00  Probe  
  13  0:12  Probe  
  14  0:19  Pylon  
  14  0:24  Probe  
  15  0:37  Probe (Chrono Boost)  
  15  0:39  Gateway  
  16  0:49  Probe (Chrono Boost)  
  17  0:53  Probe (Chrono Boost)  
  17  0:54  Assimilator  
  18  1:03  Probe  
  19  1:15  Probe  
  20  1:22  Pylon  
  20  1:27  Zealot  
  20  1:28  Cybernetics Core  
  20  1:29  Assimilator  
  20  1:31  Probe  
  23  1:35  Assimilator  
  23  1:43  Probe  
  24  1:52  Pylon  
  24  1:55  Probe  
  24  2:03  Adept (Chrono Boost)  
  24  2:05  Warp Gate (Chrono Boost)  
  24  2:07  Probe  
  27  2:19  Probe  
  28  2:39  Nexus  
  28  2:45  Twilight Council  
  28  2:54  Gateway  
  26  3:01  Stalker (Chrono Boost)  
  28  3:06  Pylon  
  28  3:13  Shield Battery  
  28  3:17  Probe  
  31  3:40  Probe, Pylon  
  30  3:51  Stalker  
  32  3:56  Probe  
  32  4:00  Probe  
  32  4:01  Dark Shrine  
  32  4:08  Probe  
  31  4:11  Pylon  
  31  4:12  Shield Battery  
  31  4:14  Probe (Chrono Boost)  
  32  4:20  Probe (Chrono Boost)  
  33  4:26  Probe (Chrono Boost)  
  33  4:30  Probe (Chrono Boost)  
  35  4:32  Probe (Chrono Boost)  
  35  4:34  Sentry  
  35  4:35  Probe (Chrono Boost)  
  39  4:40  Probe  
  39  4:42  Blink (Chrono Boost)  
  40  4:46  Probe, Pylon  
  40  4:52  Probe  
  42  4:56  Stalker  
  41  5:02  Probe (Chrono Boost)  
  41  5:09  Probe (Chrono Boost)  
  41  5:12  Dark Templar  
  41  5:14  Probe (Chrono Boost)  
  44  5:20  Dark Templar  
  48  5:21  Probe (Chrono Boost)  
  48  5:22  Probe (Chrono Boost)  
  48  5:28  Gateway  
  49  5:30  Probe (Chrono Boost)  
  49  5:33  Probe (Chrono Boost)  
  49  5:35  Probe (Chrono Boost)  
  50  5:40  Probe  
  50  5:47  Stalker  
  50  5:49  Probe  
  51  5:53  Nexus  
  50  5:57  Stalker  
  50  5:58  Probe  
  53  6:05  Probe  
  54  6:13  Pylon  
  54  6:21  Stalker x2  
  54  6:22  Probe  
  59  6:27  Probe  
  60  6:37  Probe  
  61  6:45  Stalker x3  
  67  6:48  Probe (Chrono Boost)  
  66  6:54  Probe (Chrono Boost)  
  66  6:57  Assimilator  
  66  6:59  Robotics Facility  
  68  7:05  Probe x2 (Chrono Boost)  
  70  7:09  Probe (Chrono Boost)  
  70  7:14  Probe (Chrono Boost)  
  70  7:15  Stalker x2  
  76  7:17  Probe x2 (Chrono Boost)  
  76  7:20  Shield Battery  
  76  7:22  Probe (Chrono Boost), Gateway, Forge  
  78  7:24  Stalker  
  78  7:25  Probe  
  78  7:26  Pylon  
  81  7:30  Probe  
  81  7:33  Probe  
  83  7:37  Probe  
  83  7:40  Pylon  
  83  7:42  Pylon  
  83  7:43  Probe  
  85  7:51  Stalker x3  
  91  7:56  Shield Battery  
  91  7:58  Shield Battery  
  89  8:15  Stalker x3  
  89  8:19  Probe  
  90  8:21  Probe  
  90  8:25  Stalker  
  81  8:30  Probe (Chrono Boost)  
  81  8:31  Probe (Chrono Boost)  
  81  8:32  Protoss Ground Weapons Level 1 (Chrono Boost)  
  74  8:34  Probe (Chrono Boost)  
  78  8:41  Observer  
  78  8:43  Probe x2 (Chrono Boost)  
  78  8:50  Probe (Chrono Boost), Stalker x4  
  78  8:51  Probe (Chrono Boost)  
  78  8:55  Probe  
  86  9:02  Probe  
  88  9:03  Gateway  
  88  9:04  Gateway  
  88  9:05  Probe  
  88  9:07  Nexus, Probe  
  88  9:09  Pylon  
  90  9:20  Stalker x4  
  90  9:22  Probe  
  99  9:24  Probe  
  99  9:30  Probe  
  101  9:34  Charge (Chrono Boost)  
  101  9:43  Gateway  
  101  9:44  Gateway, Photon Cannon  
  101  9:46  Probe, Sentry  
  101  9:47  Zealot x3  
  101  9:49  Gateway  
  101  9:50  Photon Cannon  
  101  9:52  Shield Battery  
  108  10:15  Pylon  
  108  10:16  Pylon x2  
  108  10:18  Protoss Ground Weapons Level 2 (Chrono Boost)  
  108  10:19  Pylon  
  108  10:23  Zealot x5, Dark Templar  
  119  10:40  Dark Templar  
  118  10:43  Zealot  
  118  10:45  Zealot x6  
  103  10:58  Stalker  
  103  11:01  Probe x4  
  103  11:04  Stalker  
  97  11:08  Zealot x5  
  97  11:13  Probe  
  98  11:24  Zealot, Stalker x2  
  104  11:33  Zealot x6  
  106  11:51  Zealot x3  
  110  11:54  Photon Cannon  
  110  11:56  Probe  
  110  11:59  Stalker x3  
  110  12:01  Zealot x3  
  115  12:08  Assimilator  
  115  12:15  Zealot x3  
  117  12:24  Stalker x3  
  117  12:25  Zealot x3  
  126  12:34  Shield Battery  
  116  12:40  Zealot x3  
  122  12:46  Nexus  
  122  12:50  Zealot x6  
  108  13:04  Stalker  
  108  13:05  Stalker x2  
  98  13:12  Zealot x6  
  78  13:28  Zealot x3  
  78  13:30  Zealot  
  78  13:31  Zealot x3  
  80  13:35  Zealot x2  
Tags
 
Add a new tag
Caveats
  • Supply blocks, unpowered buildings, or Contaminate may cause inaccurate times.
  • Supply counts are checked every 10 seconds.